 Dungeon Crawl Stone Soup version 0.28-a0-1505-g8c907de6ad (webtiles) character file.

Game seed: 9384622023831408007

4466 kae the Insei (level 10, -9/88 HPs)
             Began as a Demonspawn Transmuter on Jan 13, 2022.
             Was an Initiate of Ru.
             Mangled by a spriggan (11 damage)
             ... in a bailey.
             The game lasted 00:07:36 (11751 turns).

kae the Insei (Demonspawn Transmuter)              Turns: 11751, Time: 00:07:37

Health: -9/88      AC:  8    Str: 12      XL:     10   Next: 15%
Magic:  0/17       EV: 11    Int: 18      God:    Ru [......]
Gold:   1348       SH:  0    Dex: 11 (13) Spells: 11/19 levels left

rFire   x . .      SeeInvis .     - Unarmed
rCold   + + +      Faith    .   (shield currently unavailable)
rNeg    . . .      Spirit   +   (armour currently unavailable)
rPois   +          Reflect  .   (helmet currently unavailable)
rElec   .          Harm     .   (cloak currently unavailable)
rCorr   .          Rampage  .   (gloves currently unavailable)
Will    +....                   (boots currently unavailable)
Stlth   ..........              f - amulet of guardian spirit
HPRegen 0.24/turn               g - ring of willpower
MPRegen 0.15/turn               i - ring of flight

@: ice-form, flying, unable to read
A: freezing attack, amphibious, boosted hp, large, (claws 1), (molten scales 3),
ignite blood 1, no stealth, demonic magic 1, deterioration 1, inability to read
while threatened
a: End Transformation, Renounce Religion


You were in a bailey.
You worshipped Ru.
Ru was noncommittal.
You were a creature of crystalline ice.
You visited 2 branches of the dungeon, and saw 10 of its levels.
You also visited: Bailey.

You collected 1348 gold pieces.

Inventory:

Armour
 a - a +1 robe (melded)
Jewellery
 f - an amulet of guardian spirit (around neck)
 g - a ring of willpower (left front paw)
 i - a ring of flight (right front paw)
Wands
 h - a wand of flame (13)
 j - a wand of iceblast (7)
Scrolls
 d - a scroll of enchant armour
 e - a scroll of identify
 k - 2 scrolls of blinking
 l - a scroll of amnesia
Potions
 b - a potion of brilliance
 c - a potion of resistance


   Skills:
 + Level 5.0 Fighting
 + Level 5.1 Dodging
 * Level 7.1 Unarmed Combat
 + Level 5.1 Spellcasting
 * Level 7.0 Transmutations
 - Level 5.0 Ice Magic
 - Level 1.0 Poison Magic


You had 11 spell levels left.
You knew the following spells:

 Your Spells              Type           Power      Damage    Failure   Level
a - Beastly Appendage     Tmut           58%        N/A       1%          1
b - Spider Form           Tmut/Pois      19%        N/A       8%          3
c - Ice Form              Ice/Tmut       26%        N/A       11%         4

Your spell library contained the following spells:

 Spells                   Type           Power      Damage    Failure   Level
 Wereblood                Tmut           29%        N/A       1%          2
 Animate Skeleton         Necr           8%         N/A       13%         1
 Foxfire                  Conj/Fire      16%        2x1d4     13%         1
 Pain                     Necr           16%        1d4       13%         1
 Ignite Poison            Fire/Tmut/Pois 14%        N/A       13%         3
 Mephitic Cloud           Conj/Pois/Air  5%         N/A       34%         3
 Call Canine Familiar     Summ           4%         N/A       36%         3
 Conjure Flame            Conj/Fire      4%         6-21      36%         3
 Inner Flame              Hex/Fire       4%         N/A       36%         3
 Portal Projectile        Hex/Tloc       8%         N/A       36%         3
 Vampiric Draining        Necr           4%         2d6       36%         3
 Flame Wave               Conj/Fire      4%         2d4       78%         4
 Leda's Liquefaction      Hex/Erth       2%         N/A       78%         4
 Sticky Flame             Conj/Fire      4%         2d3       78%         4
 Freezing Cloud           Conj/Ice/Air   5%         6-21      88%         5


Dungeon Overview and Level Annotations

Branches:
Dungeon (9/15)             Temple (1/1) D:4            Lair (0/6) D:8
 Bailey (1/1)
    Orc: D:9-12

Altars:
Ashenzari
Dithmenos
Elyvilon
Fedhas
Hepliaklqana
Kikubaaqudgha
Makhleb
Nemelex Xobeh
Okawaru
Qazlal
Ru
Sif Muna
Trog
Uskayaw
Vehumet
Xom
Yredelemnul
Zin
The Shining One


Innate Abilities, Weirdness & Mutations

You are a creature of crystalline ice.
You have a powerful freezing melee attack.
You are amphibious.
Your maximum health is increased.
Your armour is entirely melded.
You are incapable of wielding weapons or throwing items.
((You have sharp fingernails.))
((You are completely covered in molten scales. (AC +4, rF+)))
Your demonic aura sometimes causes spilled blood to erupt in flames.
You cannot be stealthy.
Spells you cast may paralyse adjacent enemies.
Your body sometimes deteriorates upon taking damage.
You sometimes lose the ability to read scrolls when taking damage.


Message History

Your body deteriorates!
You feel dopey.
You punch the ogre! You freeze the ogre.
The ogre is moderately wounded.
The ogre closely misses you.
The spriggan hits you but does no damage.
The ogre barely misses you.
You punch the ogre! You freeze the ogre!
You kill the ogre!
The spriggan barely misses you. The ogre barely misses you.
You punch the ogre! You freeze the ogre.
The ogre is severely wounded.
The ogre hits you from afar with a +0 halberd.
* * * LOW HITPOINT WARNING * * *
The ogre closely misses you.
The spriggan hits you from afar with a +0 spear!
* * * LOW HITPOINT WARNING * * *
You punch the ogre! You freeze the ogre.
You kill the ogre!
You hear a splash.
The spriggan closely misses you.
The ogre hits you from afar with a +0 halberd!
* * * LOW HITPOINT WARNING * * *
The ogre barely misses you.
The spriggan hits you from afar with a +0 spear.
* * * LOW HITPOINT WARNING * * *
You feel your intelligence returning.
Your Transmutations skill increases to level 7!
The spriggan closely misses you.
Okay, then.
You cannot read scrolls in your current state!
Aiming: Iceblast
Press: ? - help, Shift-Dir - straight line, f - spriggan
Aim: a spriggan, wielding a +0 spear The mass of ice explodes!
The iceblast engulfs the spriggan!!
The spriggan is almost dead.
The iceblast engulfs the ogre!
The ogre is severely wounded.
You hear a shout!
The spriggan hits you from afar with a +0 spear!
You die...

##.....###..#
#...∩..≈≈≈..#
#......≈≈≈..#
#......≈≈≈..♣
#......≈≈≈..#
#...∩OiO≈≈..#
##..i..###..#
#.....# #..#
##.Y.## #..
##.## ###


You could see 2 ogres and 2 spriggans.

Vanquished Creatures
  Erica (D:8)
  An unseen horror (D:8)
  Grinder (D:5)
  A shadow (D:9)
  A wyvern (D:8)
  A steam dragon (D:8)
  Menkaure (D:4)
  2 water moccasins
  An ice beast (D:7)
  2 orc warriors
  A sky beast (D:7)
  4 ogres
  A black bear (D:6)
  A necrophage (D:5)
  2 centaurs
  A phantom (D:4)
  A bullfrog (D:8)
  3 scorpions
  2 water moccasin skeletons
  5 killer bees
  3 wights (D:8)
  A howler monkey (D:5)
  A bullfrog zombie (D:5)
  2 centaur zombies (D:8)
  2 hounds
  2 jellies
  An orc priest (D:5)
  3 centaur skeletons
  A bullfrog skeleton (D:5)
  Natasha (thrice) (D:2)
  3 iguanas
  2 orc wizards
  A scorpion zombie (D:5)
  A killer bee zombie (D:6)
  A howler monkey zombie (D:8)
  3 gnolls (D:5)
  10 adders
  3 shadow imps
  2 ufetubi
  2 worms
  3 dart slugs
  11 orcs
  2 endoplasms
  3 giant cockroaches (D:3)
  4 goblins
  3 hobgoblins
  4 jackals (D:1)
  2 kobolds (D:3)
  A quokka (D:1)
  7 ball pythons
  4 bats
  3 frilled lizards
  5 rats
132 creatures vanquished.

Notes
Turn   | Place    | Note
-------+----------+-------------------------------------------
     0 | D:1      | kae the Demonspawn Transmuter began the quest for the Orb.
     0 | D:1      | Reached XP level 1. HP: 15/15 MP: 3/3
   150 | D:1      | Found a faded altar of an unknown god.
   288 | D:1      | Gained mutation: You are partially covered in molten
                  | scales. (AC +2) [demonic ancestry]
   288 | D:1      | Reached XP level 2. HP: 21/21 MP: 3/5
  1263 | D:2      | Gained mutation: Spells you cast may paralyse adjacent
                  | enemies. [demonic ancestry]
  1263 | D:2      | Reached XP level 3. HP: 23/26 MP: 4/6
  1340 | D:2      | Learned a level 3 spell: Spider Form
  1751 | D:2      | Noticed Natasha
  1761 | D:2      | Killed Natasha
  2010 | D:2      | Noticed Natasha
  2017 | D:2      | Killed Natasha
  2018 | D:2      | Reached skill level 1 in Poison Magic
  2018 | D:2      | Gained mutation: You are mostly covered in molten scales.
                  | (AC +3) [demonic ancestry]
  2018 | D:2      | Reached XP level 4. HP: 32/32 MP: 3/7
  2066 | D:2      | Noticed Natasha
  2074 | D:2      | Killed Natasha
  2356 | D:3      | Learned a level 4 spell: Ice Form
  2786 | D:3      | Gained mutation: Your demonic aura sometimes causes spilled
                  | blood to erupt in flames. [demonic ancestry]
  2786 | D:3      | Reached XP level 5. HP: 38/38 MP: 6/8
  3480 | D:4      | Found a staircase to the Ecumenical Temple.
  3498 | Temple   | Entered the Ecumenical Temple
  3626 | Temple   | Became a worshipper of Ru the Awakened
  3641 | D:4      | Identified a scroll of acquirement
  3641 | D:4      | Acquired 826 gold pieces
  3721 | D:4      | Gained mutation: You are completely covered in molten
                  | scales. (AC +4, rF+) [demonic ancestry]
  3721 | D:4      | Reached XP level 6. HP: 31/44 MP: 6/10
  3817 | D:4      | Noticed Menkaure
  3825 | D:4      | Killed Menkaure
  4173 | D:4      | Reached XP level 7. HP: 37/51 MP: 6/11
  4592 | D:5      | Entered Level 5 of the Dungeon
  4592 | D:5      | Noticed Grinder
  4677 | D:5      | Reached skill level 1 in Ice Magic
  4843 | D:5      | Identified the +1 ring mail of Shadows and Fog {Harm}
  5275 | D:5      | HP: 2/52 [orc priest/divine providence (13)]
  5277 | D:5      | Gained mutation: You sometimes lose the ability to read
                  | scrolls when taking damage. [potion of mutation]
  5277 | D:5      | Gained mutation: Your body sometimes deteriorates upon
                  | taking damage. [potion of mutation]
  5280 | D:5      | HP: 3/76 [necrophage (1)]
  5290 | D:5      | Reached XP level 8. HP: 4/58 MP: 13/13
  5297 | D:5      | Gained mutation: You cannot be stealthy. [Ru sacrifice]
  5875 | D:5      | Reached skill level 5 in Unarmed Combat
  5914 | D:5      | Paralysed by Grinder for 5 turns
  5926 | D:5      | Paralysed by Grinder for 2 turns
  5932 | D:5      | Killed Grinder
  7298 | D:6      | Found a shimmering blue altar of Sif Muna.
  7299 | D:6      | Found a broken altar of Ashenzari.
  7317 | D:6      | Found an iron altar of Okawaru.
  7346 | D:6      | Reached skill level 5 in Transmutations
  7479 | D:6      | Found a shadowy altar of Dithmenos.
  7680 | D:6      | Found a hide-covered altar of Uskayaw.
  7681 | D:6      | Noticed a +0 hand axe
  7681 | D:6      | Noticed a +0 hand axe
  7986 | D:6      | Found a stormy altar of Qazlal.
  8233 | D:7      | Found a blossoming altar of Fedhas.
  8233 | D:7      | Found a basalt altar of Yredelemnul.
  8236 | D:7      | Found a bloodstained altar of Trog.
  8596 | D:7      | Gained mutation: You have sharp fingernails. [demonic
                  | ancestry]
  8596 | D:7      | Reached XP level 9. HP: 65/65 MP: 6/15
 10010 | D:8      | Killed an unseen horror
 10296 | D:8      | Noticed Erica
 10306 | D:8      | Killed Erica
 10307 | D:8      | Reached skill level 5 in Ice Magic
 10905 | D:8      | Found a staircase to the Lair.
 11237 | D:8      | Reached XP level 10. HP: 67/73 MP: 9/17
 11368 | D:9      | Reached skill level 5 in Spellcasting
 11371 | D:9      | Reached skill level 5 in Dodging
 11524 | D:9      | Found a flagged portal.
 11542 | D:9      | Reached skill level 5 in Fighting
 11573 | Bailey   | Entered a bailey
 11748 | Bailey   | HP: 3/88 [ogre (7)]
 11748 | Bailey   | HP: 1/88 [spriggan (2)]
 11751 | Bailey   | Mangled by a spriggan

Illustrated notes

Levels and vault maps discovered:
D:1:      scummos_arrival_simple_crosswalls, layout_loops_ring,
          shapermc_ecumenical_altar_gd
D:2:      layout_rooms, st_stairs_6, uniq_natasha
D:3:      layout_rooms
D:4:      layout_basic, minmay_temple_entry_ruins, uniq_menkaure
D:5:      layout_layer_cave, uniq_grinder
D:6:      layout_rooms, grunt_dithmenos_shadows,
          mainiacjoe_overflow_divided_tiny, dancing_weapons_uskayaw,
          kennysheep_mini, mainiacjoe_overflow_concentric_impassable,
          minmay_misc_feat_pillars, nicolae_elevator_lobby_plus
D:7:      layout_basic, nicolae_overflow_quartered_altars, minmay_fountain_box
D:8:      layout_loops_cross, lair_entry_dummy, kennysheep_nondescript,
          uniq_erica
D:9:      layout_irregular_city, nzn_wu_jian_contemplation, enter_bailey_6,
          serial_shops, shop, minivault_5, uniq_harold
Temple:   nicolae_temple_figure_zero
Bailey:   bailey_polearm_enchanted_keep_hellmonk, bailey

Skill      XL: |  1  2  3  4  5  6  7  8  9 10 |
---------------+-------------------------------+-----
Transmutations | 2 3 4 5 6 7 |  7.0
Unarmed Combat | 3 4 5 6 7 |  7.1
Dodging        | 2 3 4 5 |  5.1
Poison Magic   | 1 |  1.0
Fighting       | 2 3 4 5 |  5.0
Spellcasting   | 3 4 5 |  5.1
Ice Magic      | 2 3 5 |  5.0

Action                   |  1- 3 |  4- 6 |  7- 9 | 10-12 || total
-------------------------+-------+-------+-------+-------++-------
Melee: Unarmed           |    77 |   122 |   247 |    22 ||   468
       Kick              |     9 |    17 |    15 |       ||    41
       Headbutt          |     7 |    17 |     6 |       ||    30
       Punch             |     2 |     2 |     5 |       ||     9
 Cast: Beastly Appendage |    15 |    17 |     8 |       ||    40
       Spider Form       |     3 |     8 |     8 |       ||    19
       Ice Form          |       |     2 |    28 |     4 ||    34
Invok: Sacrifice Stealth |       |       |     1 |       ||     1
       Reject Sacrifices |       |       |     1 |       ||     1
Evoke: Wand              |       |       |     4 |     1 ||     5
  Use: Scroll            |     2 |     5 |     6 |       ||    13
       Potion            |       |       |     6 |       ||     6
 Stab: Paralysed         |       |     8 |    11 |     1 ||    20
Armor: Robe              |    10 |    31 |    28 |       ||    69
       Skin              |       |     3 |    42 |     6 ||    51
Dodge: Dodged            |    39 |    83 |   141 |    25 ||   288

Table legend: (Time is in decaauts)
 A = Elapsed time spent in this place.
 B = Non-inter-level travel time spent in this place.
 C = Inter-level travel time spent in this place.
 D = Time resting spent in this place.
 E = Time spent auto-exploring this place.
 F = Levels seen in this place.
 G = Mean time per level.
                   A        B        C        D        E       F      G
               +--------+--------+--------+--------+--------+-----+--------+
         Total |  11740 |  11400 |    340 |    839 |   9286 |  11 | 1067.3 |
       Dungeon |  11421 |  11104 |    317 |    686 |   9170 |   9 | 1269.0 |
        Temple |    141 |    118 |     23 |      0 |    116 |   1 |  141.0 |
        Bailey |    177 |    177 |      0 |    153 |      0 |   1 |  177.0 |
               +--------+--------+--------+--------+--------+-----+--------+

Top non-repeatable levels by time:
     D:5: 2261 daAuts
     D:8: 1950 daAuts
     D:4: 1622 daAuts
     D:2: 1304 daAuts
     D:6: 1249 daAuts
     D:7: 1162 daAuts
     D:1: 1048 daAuts
     D:3: 612 daAuts
     D:9: 210 daAuts
  Bailey: 177 daAuts
  Temple: 141 daAuts
